 Dungeon Crawl Stone Soup version 0.20.1-1-g8b1a95d (console) character file.

342 rafel the Cutter (level 6, 0/47 HPs)
             Began as a Demonspawn Abyssal Knight on Sept 8, 2017.
             Was a Priest of Lugonu.
             Slain by a rat (1 damage)
             ... in a sewer.
             The game lasted 00:10:21 (1955 turns).

rafel the Cutter (Demonspawn Abyssal Knight)        Turns: 1955, Time: 00:10:22

Health: 0/47       AC:  4    Str: 16    XL:     6   Next: 30%
Magic:  7/7        EV: 11    Int: 15    God:    Lugonu [***...]
Gold:   112        SH:  3    Dex: 13    Spells: 5/5 levels left

rFire    . . .     SeeInvis .   a - +1 short sword
rCold    . . .     Gourm    .   (no shield)
rNeg     . . .     Faith    .   p - +1 leather armour
rPois    .         Spirit   .   (helmet restricted)
rElec    .         Reflect  +   (no cloak)
rCorr    .         Harm     .   (no gloves)
MR       .....                  (no boots)
Stlth    ++........             e - +3 amulet of reflection
Regen    0.2/turn               k - +4 ring of strength
MPRegen  0.1/turn               (no ring)

@: no status effects
A: antennae 1, claws 2, hooves 2
a: Depart the Abyss, Bend Space, Banish, Renounce Religion


You were in a sewer.
You worshipped Lugonu.
Lugonu was most pleased with you.
You were not hungry.

You visited 1 branch of the dungeon, and saw 3 of its levels.
You visited the Abyss 1 time.
You also visited: Sewer.

You collected 112 gold pieces.

Inventory:

Hand Weapons
 a - a +1 short sword (weapon)
 b - a +3 hunting sling
Missiles
 q - 11 sling bullets
Armour
 p - a +1 leather armour (worn)
Jewellery
 e - a +3 amulet of reflection (around neck)
 g - an uncursed ring of teleportation
 k - a +4 ring of strength (left claw)
Scrolls
 i - 2 scrolls of identify
 j - a scroll of immolation
 r - a scroll of enchant armour
Potions
 h - a potion of degeneration
 n - a potion of brilliance
Comestibles
 c - 3 bread rations
 d - 2 meat rations
 f - 4 fruits


   Skills:
 - Level 3.0 Fighting
 + Level 3.6 Short Blades
 - Level 1.7 Armour
 - Level 0.8 Dodging
 + Level 3.3 Stealth
 * Level 3.3 Unarmed Combat
 - Level 2.4 Invocations


You had 5 spell levels left.
You didn't know any spells.

Dungeon Overview and Level Annotations

Branches:
Dungeon (3/15)

Altars:
Dithmenos


Innate Abilities, Weirdness & Mutations

You have a pair of small antennae on your head.
You have very sharp fingernails.
You have hoof-like feet.


Message History

The rat bites you but does no damage.
You closely miss the river rat.
The river rat is heavily wounded.
The river rat closely misses you. The rat barely misses you.
The ball python bites you.
* * * LOW HITPOINT WARNING * * *
The ball python closely misses you. The rat bites you but does no damage.
You hit the river rat. Your kick misses the river rat.
The river rat is heavily wounded.
The river rat closely misses you. The ball python bites you.
* * * LOW HITPOINT WARNING * * *
The ball python grabs you. The ball python constricts you.
The rat barely misses you. You block the rat's attack.
You hit the river rat but do no damage.
The river rat is heavily wounded.
The ball python loses its grip on you. The river rat barely misses you.
The rat bites you.
* * * LOW HITPOINT WARNING * * *
The rat bites you.
You die...

.#####
.......##
######
........##
##....##
#...l.S.#
#......#
#....Sr##
#..∩∩..#
#....S@#
#......#
##...rr#
#......#
#≈≈≈≈≈≈#
#≈≈≈≈≈≈#
#≈≈≈≈≈≈#
#≈≈≈≈≈≈#
#≈≈≈≈≈≈#
#≈≈≈≈≈≈#
#≈≈≈≈≈≈#
#≈≈≈≈≈≈#
#≈≈≈≈≈≈#
#≈≈≈≈≈≈#
#≈≈#≈≈≈#
#≈≈≈≈≈≈#
#≈≈≈≈≈≈#
#≈≈≈≈≈≈#


You could see 2 adders, a river rat, a ball python, a frilled lizard and 2 rats.

Vanquished Creatures
  Sigmund (D:2)
  A centaur skeleton (D:3)
  Robin (D:3)
  4 adders
  2 river rats (Sewer)
  An ooze (D:2)
  2 worms
  5 leopard geckos
  3 giant cockroaches
  19 goblins
  12 hobgoblins
  4 jackals (D:1)
  7 kobolds (D:1)
  A quokka (D:2)
  A ball python (Sewer)
  8 bats
  4 frilled lizards
  15 rats
91 creatures vanquished.

Notes
Turn   | Place    | Note
-------+----------+-------------------------------------------
     0 | Abyss:1  | rafel the Demonspawn Abyssal Knight began the quest for the Orb.
     0 | Abyss:1  | Reached XP level 1. HP: 18/18 MP: 2/2
    14 | Abyss:2  | Found a corrupted altar of Lugonu.
    92 | Abyss:3  | Noticed an ancient zyme
   107 | D:1      | Escaped the Abyss
   254 | D:1      | Reached * piety under Lugonu
   255 | D:1      | Reached skill level 1 in Stealth
   255 | D:1      | Gained mutation: You have sharp fingernails. [demonic ancestry]
   255 | D:1      | Reached XP level 2. HP: 12/24 MP: 3/3
   496 | D:2      | Found a shadowy altar of Dithmenos.
   529 | D:2      | Gained mutation: You have very sharp fingernails. [demonic ancestry]
   529 | D:2      | Reached XP level 3. HP: 18/29 MP: 4/4
   860 | D:1      | Reached skill level 1 in Unarmed Combat
  1048 | D:2      | Reached ** piety under Lugonu
  1109 | D:2      | Gained mutation: You have large cloven feet. [demonic ancestry]
  1109 | D:2      | Reached XP level 4. HP: 33/35 MP: 5/5
  1180 | D:2      | Noticed Sigmund
  1193 | D:2      | Killed Sigmund
  1193 | D:2      | Gained mutation: You have a pair of small antennae on your head. [demonic ancestry]
  1193 | D:2      | Reached XP level 5. HP: 41/41 MP: 6/6
  1402 | D:3      | Gained mutation: You have hoof-like feet. [demonic ancestry]
  1402 | D:3      | Reached XP level 6. HP: 29/47 MP: 7/7
  1411 | D:3      | Noticed Robin
  1459 | D:3      | HP: 2/47 [goblin/dagger[Robin] (2)]
  1462 | D:3      | Killed Robin
  1607 | D:3      | Found a glowing drain.
  1611 | Sewer    | Entered a sewer
  1872 | Sewer    | Reached *** piety under Lugonu
  1953 | Sewer    | HP: 2/47 [ball python (1)]
  1955 | Sewer    | Slain by a rat

Skill      XL: |  1  2  3  4  5 |
---------------+----------------+-----
Short Blades   | 2 3 |  3.6
Stealth        | 1 2 3 |  3.3
Unarmed Combat | 1 2 3 |  3.3
Fighting       | |  3.0
Armour         | |  1.7
Dodging        | |  0.8
Invocations    | |  2.4

Action                   |  1- 3 |  4- 6 || total
-------------------------+-------+-------++-------
Melee: Short sword       |   124 |   117 ||   241
       Kick              |       |    28 ||    28
 Fire: Hunting sling     |    31 |    22 ||    53
Invok: Depart the Abyss  |     1 |       ||     1
  Use: Scroll            |     2 |     5 ||     7
       Potion            |     1 |     5 ||     6
  Eat: Chunk             |     1 |     3 ||     4
Armor: Leather armour    |    48 |    38 ||    86
       Skin              |       |    14 ||    14
Dodge: Dodged            |    94 |    88 ||   182
Block: Other             |     3 |    26 ||    29
